 Dungeon Crawl Stone Soup version 0.30-a0-799-g109b55a442 (webtiles) character file.

Game seed: 8084735891192438900

364 Esekla the Covert (level 6, -1/64 HPs)
             Began as an Octopode Delver on Feb 20, 2023.
             Was an Initiate of Gozag.
             Slain by an orc wizard
             ... wielding a +0 dagger
              (3 damage)
             ... on level 4 of the Dungeon.
             The game lasted 00:15:16 (2541 turns).

Esekla the Covert (Octopode Delver)                 Turns: 2541, Time: 00:15:17

Health: -1/64      AC:  1    Str: 11 (12) XL:     6   Next: 67%
Magic:  8/8        EV: 14    Int: 11 (14) God:    Gozag
Gold:   618        SH:  0    Dex: 16 (19) Spells: 1/8 levels left

rFire   . . .      SeeInvis .    a - +0 falchion
rCold   + . .      Faith    .    (no shield)
rNeg    . . .      Spirit   .    k - +0 hat
rPois   .          Reflect  .    (no amulet)
rElec   .          Harm     .    t - ring of protection from cold
rCorr   .          Rampage  .    y - +6 ring of dexterity
Will    .....                    (no ring) Stlth
                                 (no ring)
HPRegen 0.30/turn                (no ring)
MPRegen 0.11/turn                (no ring)
                                 (no ring)
                                 (no ring)

@: mighty, berserking, attractive, very quick
A: almost no armour, amphibious, 8 rings, camouflage 1, gelatinous body 1,
(nimble swimmer 1), tentacles
a: Renounce Religion, Potion Petition, Call Merchant, Bribe Branch


You were on level 4 of the Dungeon.
You worshipped Gozag.
Gozag was pleased with you.
You visited 2 branches of the dungeon, and saw 6 of its levels.

You collected 620 gold pieces.
You paid 2 gold pieces to Gozag.

Inventory:

Hand Weapons
 a - a +0 falchion (weapon)
 r - a +0 trident
 s - a +0 dagger
Armour
 k - a +0 hat (worn)
Jewellery
 t - a ring of protection from cold (left tentacle)
 y - a +6 ring of dexterity (right tentacle)
Wands
 f - a wand of digging (3)
Scrolls
 b - a scroll of fog
 c - 8 scrolls of identify {unknown}
 d - a scroll of fear
 j - 2 scrolls of teleportation {unknown}
 n - a scroll of brand weapon {unknown}
 p - a scroll of poison {unknown}
 w - 2 scrolls of vulnerability {unknown}
Potions
 e - 2 potions of haste
 h - a potion of attraction
 m - a potion of flight {unknown}
 o - a potion of magic {unknown}
 u - a potion of heal wounds {unknown}
 v - a potion of brilliance {unknown}


   Skills:
 * Level 4.0 Fighting
 + Level 0.4(2.1) Short Blades
 * Level 3.2(3.3) Long Blades
 + Level 0.1 Throwing
 * Level 2.8 Dodging
 + Level 8.1 Stealth
 * Level 1.8 Spellcasting
 * Level 0.9 Conjurations
 * Level 1.2 Transmutations
 * Level 0.9 Air Magic
 * Level 1.0 Poison Magic


You had one spell level left.
You knew the following spells:

 Your Spells              Type           Power      Damage    Failure   Level
c - Mephitic Cloud        Conj/Pois/Air  3%         N/A       52%         3
v - Poisonous Vapours     Pois/Air       6%         N/A       30%         2
w - Wereblood             Tmut           3%         N/A       26%         2

Your spell library contained the following spells:

 Spells                   Type           Power      Damage    Failure   Level
 Beastly Appendage        Tmut           6%         N/A       19%         1
 Sting                    Tmut/Pois      12%        1d3       19%         1
 Magic Dart               Conj           12%        1d3       21%         1
 Foxfire                  Conj/Fire      8%         2x1d4     24%         1
 Slow                     Hex            4%         N/A       30%         1
 Static Discharge         Conj/Air       6%         2-3/arc   30%         2
 Call Imp                 Summ           1%         N/A       41%         2
 Spider Form              Tmut/Pois      3%         N/A       50%         3
 Vhi's Electric Charge    Tloc/Air       4%         N/A       58%         3
 Leda's Liquefaction      Hex/Erth       0%         N/A       96%         4
 Arcjolt                  Conj/Air       1%         1d11      99%         5
 Lightning Bolt           Conj/Air       1%         1d12      99%         5
 Fireball                 Conj/Fire      1%         3d3       100%        5
 Silence                  Hex/Air        1%         N/A       100%        5
 Eringya's Noxious Bog    Tmut/Pois      1%         N/A       100%        6
 Starburst                Conj/Fire      1%         6d3       100%        6
 Lehudib's Crystal Spear  Conj/Erth      1%         10d2      100%        8
 Fire Storm               Conj/Fire      1%         7d1       100%        9


Dungeon Overview and Level Annotations

Branches:
Dungeon (5/15)             Temple (1/1) D:5

Altars:
Ashenzari
Dithmenos
Fedhas
Gozag
Hepliaklqana
Kikubaaqudgha
Makhleb
Ru
Sif Muna
Trog
Vehumet
Xom
Yredelemnul
Zin
The Shining One


Innate Abilities, Weirdness & Mutations

You cannot wear most types of armour.
You are amphibious.
You can wear up to eight rings at the same time.
Your skin changes colour to match your surroundings (Stealth+).
Your rubbery body absorbs attacks. (AC +1, EV +1)
((You are camouflaged when in or above water. (Stealth+)))
You have tentacles for arms and can constrict up to eight enemies at once.


Message History

Throw: dart (poison)
Press: ? - help, Q - select action, (/) - cycle Shift-Dir - straight line, f/p - orc
Aim: an orc, wielding a +0 trident (lightly wounded, poisoned, 63% to hit)
You throw a poisoned dart. The poisoned dart hits the orc.
The orc is lightly wounded.
Throw: throwing net
Press: ? - help, Q - select action, (/) - cycle Shift-Dir - straight line, f/p - orc
Aim: an orc, wielding a +0 trident (heavily wounded, poisoned, 63% to hit)
You throw a throwing net. The throwing net hits the orc.
The orc is caught in the net!
The orc is heavily wounded.
A magic dart appears from out of thin air!
The magic dart hits you!
The orc struggles against the net.
The orc struggles against the net.
A magic dart appears from out of thin air!
The magic dart hits you!
* * * LOW HITPOINT WARNING * * *
You are confused.
It was a potion of attraction.
You feel attractive to monsters. Something is attracted toward you.
It was a potion of might.
You feel very mighty all of a sudden. Something hits you.
* * * LOW HITPOINT WARNING * * *
It was a potion of degeneration.
There was something very wrong with that liquid.
You feel weakened.
You feel dopey.
You feel clumsy. Something hits you.
* * * LOW HITPOINT WARNING * * *
It was a potion of berserk rage.
A red film seems to cover your vision as you go berserk!
You feel yourself moving faster!
You feel mighty! Something hits you.
* * * LOW HITPOINT WARNING * * *
You miss something. Something barely misses you.
You bump into the rock wall.
You feel less confused. Something hits you.
You die...
Your body crumbles into a pile of gold.

#############
#...........#######
#.###.#####.......#########
#.# #.########............#
#.# #......{@.....#######[#
#$# ##########.#..# #.# #o#
#.#..# #.# #..(..# #.#..#
#.# #.......# #.#..# #.#
#.#.....# #.#..# #<### #
#.....# #..#######....
#.....# #......#... ....###
#.####.#.##


There were no monsters in sight!

Vanquished Creatures
  Sigmund (D:3)
  A scorpion (D:4)
  Terence (D:3)
  Robin (D:3)
  4 gnolls
  2 worms
  3 dart slugs
  2 orcs
  3 bats
  3 endoplasms
  2 giant cockroaches
  9 hobgoblins
  4 kobolds
  4 quokkas
  6 ball pythons
  3 frilled lizards
  11 goblins
  5 rats
65 creatures vanquished.

Notes
Turn   | Place    | Note
-------+----------+-------------------------------------------
     0 | D:5      | Esekla the Octopode Delver began the quest for the Orb.
     0 | D:5      | Reached XP level 1. HP: 16/16 MP: 1/1
    20 | D:5      | Found a staircase to the Ecumenical Temple.
    32 | D:5      | Noticed a howler monkey
    39 | Temple   | Entered the Ecumenical Temple
    66 | Temple   | Became a worshipper of Gozag Ym Sagoz the Greedy
   117 | D:5      | Noticed a scorpion
   214 | D:4      | Noticed a scorpion
   239 | D:4      | Killed a scorpion
   240 | D:4      | Reached skill level 7 in Stealth
   240 | D:4      | Reached XP level 2. HP: 13/21 MP: 1/3
   240 | D:4      | Reached XP level 3. HP: 16/26 MP: 1/4
   356 | D:3      | Reached XP level 4. HP: 30/31 MP: 5/5
   394 | D:2      | Reached skill level 1 in Spellcasting
   527 | D:1      | Learned a level 2 spell: Wereblood
  1449 | D:1      | Reached XP level 5. HP: 12/36 MP: 4/7
  1617 | D:2      | Got the Reference Book on the Evil Eye and the Impact
  1674 | D:2      | Found a faded altar of an unknown god.
  1796 | D:3      | Noticed Terence
  1833 | D:3      | Identified the +0 leather armour of Diudwabla {+Blink
                  | Str+4}
  1866 | D:3      | Noticed Robin
  1882 | D:3      | Killed Robin
  1959 | D:3      | Learned a level 3 spell: Mephitic Cloud
  1977 | D:3      | Got the Annotations on Well-Done Impurities
  1981 | D:3      | Learned a level 2 spell: Poisonous Vapours
  2232 | D:3      | Killed Terence
  2315 | D:3      | Noticed Sigmund
  2318 | D:3      | Killed Sigmund
  2319 | D:3      | Reached skill level 8 in Stealth
  2319 | D:3      | Reached skill level 1 in Transmutations
  2319 | D:3      | Reached skill level 1 in Poison Magic
  2319 | D:3      | Reached XP level 6. HP: 43/43 MP: 8/8
  2539 | D:4      | HP: 1/64 [something (5)]
  2541 | D:4      | Slain by an orc wizard

Illustrated notes

Levels and vault maps discovered:
D:1:      dpeg_arrival_rhombus, layout_loops_ring
D:2:      minmay_alternating_diamond, layout_rooms,
          shapermc_ecumenical_altar_mp_urbaneastern, dreamdust_mushroom_princess
D:3:      layout_loops_ring, uniq_robin, uniq_sigmund, uniq_terence
D:4:      layout_loops_ring, grunt_temple_overflow_open
D:5:      layout_basic, minmay_temple_entry_junction_2
Temple:   hellmonk_temple_of_storms

Skill      XL: |  1  2  3  4  5 |
---------------+----------------+-----
Stealth        | 7 8 |  8.1
Spellcasting   | 1 |  1.8
Fighting       | 4 |  4.0
Long Blades    | 3 |  3.2
Transmutations | 1 |  1.2
Poison Magic   | 1 |  1.0
Short Blades   | |  0.4
Throwing       | |  0.1
Dodging        | |  2.8
Conjurations   | |  0.9
Air Magic      | |  0.9

Action                     |  1- 3 |  4- 6 || total
---------------------------+-------+-------++-------
  Melee: Falchion          |    14 |    67 ||    81
         Constrict         |     3 |    22 ||    25
         Tentacles         |     2 |    16 ||    18
         Dagger            |       |    27 ||    27
  Throw: Dart              |       |     9 ||     9
         Throwing net      |       |     1 ||     1
   Cast: Wereblood         |       |     3 ||     3
    Use: Scroll            |     1 |       ||     1
         Potion            |       |     4 ||     4
   Stab: Sleeping          |     2 |    24 ||    26
 Armour: Skin              |     1 |     4 ||     5
  Dodge: Dodged            |     7 |    49 ||    56

Table legend: (Time is in decaauts)
 A = Elapsed time spent in this place.
 B = Non-inter-level travel time spent in this place.
 C = Inter-level travel time spent in this place.
 D = Time resting spent in this place.
 E = Time spent auto-exploring this place.
 F = Levels seen in this place.
 G = Mean time per level.
                   A        B        C        D        E       F      G
               +--------+--------+--------+--------+--------+-----+--------+
         Total |   2544 |   2470 |     74 |    169 |    883 |   6 |  424.0 |
       Dungeon |   2499 |   2443 |     56 |    169 |    872 |   5 |  499.8 |
        Temple |     45 |     27 |     18 |      0 |     11 |   1 |   45.0 |
               +--------+--------+--------+--------+--------+-----+--------+

Top non-repeatable levels by time:
     D:1: 790 daAuts
     D:3: 766 daAuts
     D:2: 586 daAuts
     D:4: 282 daAuts
     D:5: 74 daAuts
  Temple: 45 daAuts
